 Dungeon Crawl Stone Soup version 0.18-a0-824-g47fe746 (webtiles) character file.

113 tof the Ruffian (level 4, -8/40 HPs)
             Began as a Minotaur Monk on Dec 17, 2015.
             Was a Priest of Cheibriados.
             Killed by divine providence
             ... invoked by an orc priest
              (10 damage)
             ... on level 5 of the Dungeon.
             The game lasted 00:13:18 (2519 turns).

tof the Ruffian (Minotaur Monk)                     Turns: 2519, Time: 00:13:18

Health: -8/40      AC: 12    Str: 21    XL:     4   Next: 65%
Magic:  3/3        EV:  5    Int: 13    God:    Cheibriados [***...]
Gold:   132        SH:  0    Dex: 20    Spells: 0 memorised, 3 levels left

rFire  . . .     SeeInvis .     a - +0 mace
rCold  . . .     Gourm    .     m - +0 chain mail
rNeg   . . .     Faith    .     (no shield)
rPois  +         Spirit   .     (helmet restricted)
rElec  .         Dismiss  .     l - +2 cloak {rPois}
rCorr  .         Reflect  .     c - +0 pair of gloves
SustAt .         Harm     .     (no boots)
MR     .....                    (no amulet)
Stlth  ..........               (no ring)
                                e - ring of flight

@: very slow, not resistant to hostile enchantments, extremely unstealthy
A: retaliatory headbutt, horns 2
a: Bend Time, Temporal Distortion, Renounce Religion, Evoke Flight


You were on level 5 of the Dungeon.
You worshipped Cheibriados.
Cheibriados was most pleased with you.
You were not hungry.

You visited 1 branch of the dungeon, and saw 4 of its levels.

You collected 132 gold pieces.

Inventory:

Hand Weapons
 a - a +0 mace (weapon)
Armour
 c - a +0 pair of gloves (worn)
 l - a +2 cloak of poison resistance (worn)
 m - a +0 chain mail (worn)
Jewellery
 e - a ring of flight (left hand)
Scrolls
 i - 2 scrolls of recharging
 j - 2 scrolls of amnesia
 o - 3 scrolls of identify
Comestibles
 b - 2 bread rations
 d - 5 chunks of flesh
 f - a meat ration


   Skills:
 + Level 4.1 Fighting
 * Level 0.5 Maces & Flails
 * Level 1.6 Armour
 + Level 4.6 Dodging
 + Level 1.9 Stealth
 + Level 5.0 Unarmed Combat


You had 3 spell levels left.
You didn't know any spells.

Dungeon Overview and Level Annotations

Branches:
Dungeon (3/15)

Altars:
Cheibriados


Innate Abilities, Weirdness & Mutations

You reflexively headbutt those who attack you in melee.
You have a pair of horns on your head.


Message History

The orc priest closely misses you. The orc barely misses you.
The orc priest barely misses you. The orc hits you but does no damage.
The orc priest barely misses you. The orc priest closely misses you.
You furiously retaliate!
You headbutt the orc priest! The orc closely misses you.
The orc priest barely misses you. The orc hits you with a falchion.
* * * LOW HITPOINT WARNING * * *
The orc priest invokes the aid of Beogh against you.
Something smites you!
* * * LOW HITPOINT WARNING * * *
The orc priest hits you but does no damage.
The orc priest closely misses you. The orc barely misses you.
The orc priest miscasts a cantrip.
The orc priest calls upon Beogh to heal the orc priest.
The orc priest is healed somewhat.
There is a stone staircase leading up here.
The orc barely misses you.
The orc priest invokes the aid of Beogh against you.
Something smites you!
You die...

.#........#
.......##....#
.............#
.............+
...$.........#
.............#
........o....#
........o....#.#
.......@oo.....#
........o.######
..........#
#########.# #.#
..# ###


You could see 3 orc priests and 2 orcs.

Vanquished Creatures
  Crazy Yiuf (D:2)
  2 adders (D:2)
  A worm (D:2)
  4 giant geckos
  A ball python (D:1)
  10 bats
  7 goblins
  7 hobgoblins
  A quokka (D:2)
  3 giant cockroaches
  2 giant newts (D:2)
  9 kobolds
  9 rats
  A bush (D:2)
  2 plants (D:2)
60 creatures vanquished.

Notes
Turn   | Place    | Note
--------------------------------------------------------------
     0 | D:1      | tof the Minotaur Monk began the quest for the Orb.
     0 | D:1      | Reached XP level 1. HP: 19/19 MP: 0/0
   367 | D:1      | Reached XP level 2. HP: 27/27 MP: 1/1
   752 | D:2      | Reached XP level 3. HP: 31/33 MP: 2/2
   981 | D:2      | Noticed Crazy Yiuf
   988 | D:2      | Killed Crazy Yiuf
  1216 | D:2      | Reached XP level 4. HP: 40/40 MP: 3/3
  1435 | D:2      | Found a snail-covered altar of Cheibriados.
  1457 | D:2      | Became a worshipper of Cheibriados the Contemplative
  1457 | D:2      | Reached * piety under Cheibriados
  1457 | D:2      | Reached ** piety under Cheibriados
  1618 | D:2      | Reached skill level 1 in Armour
  1801 | D:2      | Reached skill level 5 in Unarmed Combat
  2502 | D:3      | Reached *** piety under Cheibriados
  2511 | D:3      | You fall through a shaft for 2 floors!
  2511 | D:5      | Entered Level 5 of the Dungeon
  2517 | D:5      | HP: 2/40 [orc priest/divine providence (8)]
  2519 | D:5      | Killed from afar by an orc priest

Vault maps used:
D:1:      onia_arrival_pyramid
D:2:      nicolae_overflow_crystal_walls, lexackson_kobold_supper,
          uniq_crazy_yiuf_cottage
D:3:      grunt_temple_overflow_order_and_chaos_1,
          nicolae_overflow_hidden_temple, uniq_sigmund
D:5:      first_bread, uniq_pikel

Action                   |  1- 3 |  4- 6 || total
-------------------------+-------+-------++-------
Melee: Club              |    46 |     1 ||    47
       Unarmed           |     4 |       ||     4
       Quarterstaff      |     5 |     8 ||    13
       Mace              |       |   135 ||   135
  Use: Scroll            |     6 |     1 ||     7
       Potion            |       |     1 ||     1
  Eat: Bread ration      |     1 |       ||     1
